AoeStats
← 风暴浩然

African Clearing

510979656Analyzed
4v4 RM · 13h ago on Oct 3, 2026· 53m 23s· 8 players
Game mode
Random Map
Map size
Large (8 player)
Population
200
Speed
Normal
Resources
Standard
Victory
Conquest
Starting age
Dark Age
Ending age
Imperial Age
RankedLock teamsTeams togetherTeam positionsShared explorationLock speedFull tech treeHidden civsTurbo modeCheats
Victory
Defeat
🇨🇳 Khmer · China
1022
+14
🇧🇷 Khmer · Brazil
987
+15
🇳🇱 Inca · Netherlands
954
+16
🇬🇧 Saxons · United Kingdom
947
+17
🇦🇺 Huns · Australia
1026
-19
🇦🇺 Vietnamese · Australia
1010
-17
🇨🇳 Gurjaras · China
917
-13
🇭🇰 Magyars · Hong Kong SAR China
909
-13
Dayman
7:58 Loom
15:14 Feudal Age
21:09 Castle Age
19:56 Double-Bit Axe
32:59 Bow Saw
32:48 Horse Collar
38:15 Forging
38:06 Scale Mail Armor
42:12 Imperial Age
42:47 Imperial Age
41:29 Murder Holes
42:26 Iron Casting
42:07 Chain Mail Armor
42:39 Gold Mining
42:40 Stone Mining
43:27 Pikeman
45:29 Two-Man Saw
47:34 Gold Shaft Mining
48:03 Chain Mail Armor
49:55 Wheelbarrow
51:18 Plate Mail Armor
51:47 Halberdier
52:35 Squires
M1rc0ss_
3:19 Loom
18:56 Feudal Age
23:00 Castle Age
21:34 Double-Bit Axe
21:32 Horse Collar
25:20 Gold Mining
25:44 Bow Saw
27:11 Wheelbarrow
29:03 Gold Shaft Mining
28:19 Stone Mining
31:05 Hand Cart
36:01 Imperial Age
34:28 Husbandry
34:39 Bloodlines
34:10 Light Cavalry
37:45 Chemistry
36:58 Double Crossbow
36:54 Hussar
37:59 Scale Barding Armor
38:05 Forging
37:40 Heavy Scorpion
37:50 Capped Ram
40:12 Iron Casting
39:58 Chain Barding Armor
41:49 Pikeman
42:14 Arson
42:33 Scale Mail Armor
43:34 Blast Furnace
43:07 Fortified Wall
46:04 Halberdier
47:35 Chain Mail Armor
47:56 Plate Barding Armor
Bart
4:18 Loom
15:14 Feudal Age
19:42 Castle Age
18:16 Horse Collar
18:40 Double-Bit Axe
19:37 Champi Runner
20:22 Scale Mail Armor
21:24 Squires
21:47 Champi Warrior
24:49 Wheelbarrow
26:16 Arson
28:01 Forging
28:59 Heavy Plow
29:21 Bow Saw
29:05 Gold Mining
32:35 Iron Casting
32:16 Chain Mail Armor
32:22 Hand Cart
31:55 Town Watch
34:34 Thumb Ring
35:13 Town Patrol
35:49 Elite Skirmisher
36:52 Pikeman
39:14 Ballistics
39:06 Masonry
38:37 Treadmill Crane
42:40 Imperial Age
40:21 Crossbowman
41:09 Fletching
41:19 Padded Archer Armor
41:17 Murder Holes
42:07 Bodkin Arrow
42:48 Leather Archer Armor
43:52 Conscription
43:46 Andean Sling
43:22 Arbalester
44:28 Bracer
45:40 Chemistry
46:07 Hoardings
47:45 Blast Furnace
47:16 Plate Mail Armor
48:24 Ring Archer Armor
48:17 Siege Engineers
47:38 Halberdier
48:09 Elite Champi Warrior
49:42 Crop Rotation
49:51 Gold Shaft Mining
49:09 Stone Mining
51:22 Elite Kamayuk
52:07 Fabric Shields
電動遊戯
4:33 Loom
15:49 Feudal Age
20:12 Castle Age
19:05 Double-Bit Axe
21:56 Bow Saw
21:33 Horse Collar
23:13 Fervor
39:32 Imperial Age
37:38 Wheelbarrow
39:42 Fletching
39:57 Scale Barding Armor
40:03 Forging
39:53 Scale Mail Armor
40:06 Fortified Wall
39:52 Murder Holes
39:31 Pikeman
41:56 Conscription
41:37 Double Crossbow
41:03 Capped Ram
42:07 Bloodlines
41:57 Husbandry
41:46 Halberdier
42:15 Siege Ram
43:10 Bodkin Arrow
43:54 Hand Cart
43:32 Town Watch
43:55 Bracer
44:16 Chain Barding Armor
44:31 Iron Casting
44:39 Town Patrol
45:57 Heavy Plow
45:50 Gold Mining
45:53 Stone Mining
46:21 Siege Engineers
47:16 Chemistry
46:08 Heated Shot
46:39 Ballistics
46:50 Ballistics
45:55 Elite Ballista Elephant
47:23 Elite Ballista Elephant
49:21 Hoardings
49:47 Gold Shaft Mining
49:47 Stone Shaft Mining
50:56 Crop Rotation
52:09 Iron Casting
52:09 Plate Barding Armor
52:49 Chain Mail Armor
51:56 Light Cavalry
51:57 Cavalier
52:52 Elite Battle Elephant
Mr. Takoyaki-san
12:15 Loom
14:27 Feudal Age
19:25 Castle Age
18:01 Wheelbarrow
17:45 Double-Bit Axe
17:42 Horse Collar
17:55 Gold Mining
22:47 Bow Saw
28:02 Heavy Plow
29:12 Hand Cart
30:46 Forging
30:43 Scale Barding Armor
32:52 Iron Casting
35:06 Chain Barding Armor
35:41 Marauders
39:02 Imperial Age
36:54 Husbandry
37:04 Bloodlines
36:42 Light Cavalry
42:33 Plate Barding Armor
42:59 Blast Furnace
ants
15:03 Feudal Age
25:16 Castle Age
25:25 Pikeman
27:55 Elite Skirmisher
29:12 Horse Collar
29:40 Crossbowman
37:36 Imperial Age
37:43 Arbalester
41:14 Wheelbarrow
44:30 Halberdier
风暴浩然
9:09 Loom
14:37 Feudal Age
23:04 Castle Age
21:18 Double-Bit Axe
21:29 Horse Collar
25:52 Wheelbarrow
29:06 Heavy Plow
36:35 Bow Saw
48:28 Hand Cart
48:29 Heavy Plow
50:22 Kshatriyas
51:21 Fletching
51:39 Padded Archer Armor
52:22 Town Watch
风暴戴
13:20 Feudal Age
13:43 Feudal Age
18:52 Castle Age
16:45 Double-Bit Axe
18:20 Loom
18:37 Horse Collar
20:06 Bow Saw
20:13 Town Watch
21:03 Wheelbarrow
24:39 Horse Collar
25:47 Stone Mining
28:58 Scale Barding Armor
29:56 Husbandry
30:33 Thumb Ring
30:51 Fletching
31:02 Padded Archer Armor
32:12 Heavy Plow
35:36 Imperial Age
33:10 Bodkin Arrow
34:17 Ballistics
35:19 Leather Archer Armor
36:04 Hand Cart
36:09 Bloodlines
37:17 Parthian Tactics
36:23 Capped Ram
37:48 Conscription
37:04 Sappers
38:23 Heavy Cavalry Archer
39:15 Gold Mining
38:52 Capped Ram
39:14 Heavy Cavalry Archer
40:44 Hoardings
40:46 Bracer
41:17 Ring Archer Armor
42:23 Hoardings
41:50 Elite Magyar Huszar
45:56 Chain Barding Armor
46:26 Recurve Bow
46:27 Corvinian Army
49:54 Plate Barding Armor
53:10 Scale Mail Armor
Connection lost

Rejoining the realm…

Still unreachable

The connection could not be restored.

Session expired

The server has moved on; the page needs a fresh start.